 Dungeon Crawl Stone Soup version 0.23.2-1-ga50397a6bc (webtiles) character file.

Game seed: 14460496174464404620

13286 Morbidden the Geomancer (level 12, -2/72 HPs)
             Began as a Gargoyle Earth Elementalist on Apr 23, 2019.
             Was a High Priest of Okawaru.
             Killed from afar by a lich (49 damage)
             ... with an iron shot
             ... on level 2 of the Abyss.
             The game lasted 00:44:43 (12130 turns).

Morbidden the Geomancer (GrEE)                     Turns: 12130, Time: 00:44:44

Health: -2/72      AC: 24    Str: 13    XL:     12   Next: 4%
Magic:  15/21      EV: 12    Int: 20    God:    Okawaru [*****.]
Gold:   355        SH: 13    Dex: 10    Spells: 19/23 levels left

rFire    . . .     SeeInvis .   w - +2 scimitar (flame)
rCold    . . .     Gourm    .   M - +2 shield
rNeg     + + .     Faith    .   A - +0 scale mail
rPois    ∞         Spirit   .   u - +1 helmet
rElec    +         Reflect  .   K - +0 cloak
rCorr    .         Harm     .   p - +0 pair of gloves
MR       .....                  x - +0 pair of boots
Stlth    ++........             (no amulet)
HPRegen  0.22/turn              l - ring of positive energy
MPRegen  0.17/turn              y - ring of wizardry

@: heroism
A: negative energy resistance 1, electricity resistance, unbreathing,
petrification resistance, rot immunity, AC +8
a: Heroism, Finesse, Renounce Religion


You were on level 2 of the Abyss.
You worshipped Okawaru.
Okawaru was extremely pleased with you.
You were not hungry.

You visited 2 branches of the dungeon, and saw 12 of its levels.
You visited the Abyss 1 time.
You also visited: Ossuary.

You collected 567 gold pieces.
You spent 212 gold pieces at shops.

Inventory:

Hand Weapons
 w - a +2 scimitar of flaming (weapon)
Missiles
 b - 137 stones (quivered)
Armour
 p - a +0 pair of gloves (worn)
 u - a +1 helmet (worn)
 x - a +0 pair of boots (worn)
 A - a +0 scale mail (worn)
 K - a +0 cloak (worn)
 M - a +2 shield (worn)
Jewellery
 l - a ring of positive energy (left hand)
 y - a ring of wizardry (right hand)
Wands
 a - a wand of random effects (17)
 h - a wand of scattershot (7)
 v - a wand of iceblast (3)
 N - a wand of flame (3)
Scrolls
 e - 8 scrolls of identify
 j - 5 scrolls of remove curse
 k - 2 scrolls of enchant armour
 m - 3 scrolls of magic mapping
 o - a scroll of fog
 t - a scroll of amnesia
 E - 3 scrolls of random uselessness
Potions
 c - a potion of cancellation {unknown}
 f - 2 potions of lignification
 r - 2 potions of curing
 z - 2 potions of flight
 B - a potion of brilliance {unknown}
 C - a potion of haste
 F - a potion of might
 L - 2 potions of degeneration
Comestibles
 d - 19 rations
 g - 2 chunks of flesh


   Skills:
 * Level 7.2(12.2) Fighting
 + Level 5.2(10.2) Long Blades
 + Level 4.5(9.5) Armour
 + Level 3.8(8.8) Dodging
 - Level 2.3(7.3) Stealth
 * Level 6.4(11.4) Shields
 + Level 6.4 Spellcasting
 * Level 7.9 Conjurations
   Level 0.7 Transmutations
 * Level 11.1 Earth Magic
 * Level 6.0 Invocations
 + Level 1.4 Evocations


You had 19 spell levels left.
You knew the following spells:

 Your Spells              Type           Power        Failure   Level  Hunger
a - Sandblast             Erth           ######       1%          1    None
b - Stone Arrow           Conj/Erth      #####.       1%          3    ##.....

Your spell library contained the following spells:

 Spells                   Type           Power        Failure   Level  Hunger
 Passwall                 Tmut/Erth      ####....     3%          2    None
 Lee's Rapid Deconstruct  Erth           ######....   6%          5    #####..
 Petrify                  Tmut/Erth      ####....     21%         4    ####...


Dungeon Overview and Level Annotations

Branches:
Dungeon (11/15)            Temple (1/1) D:5
   Lair: D:8-11         Orc: D:9-12

Altars:
Ashenzari
Cheibriados
Dithmenos
Elyvilon
Fedhas
Gozag
Hepliaklqana
Kikubaaqudgha
Makhleb
Nemelex Xobeh
Okawaru
Qazlal
Ru
Sif Muna
Trog
Uskayaw
Vehumet
Wu Jian
Xom
Yredelemnul
Zin
The Shining One

Shops:
D:4 *   D:5 (   D:7 =

Annotations:
D:5 1 runed translucent door, Crazy Yiuf
D:11 Erolcha


Innate Abilities, Weirdness & Mutations

You are resistant to torment.
Your stone body is resilient. (AC +8)
You are immune to poison.
You resist negative energy. (rN+)
You are resistant to electric shocks. (rElec)
You can survive without breathing.
You are immune to petrification.
You are immune to rotting.


Message History

Unknown command.
Casting: Sandblast (safe; 1% risk of failure)
Confirm with . or Enter, or press ? or * to list all spells.
Aiming: Sandblast (safe; 1% risk of failure)
Press: ? - help, Shift-Dir - straight line, f - chaos spawn
Aim: a chaos spawn (moderately wounded)
The blast of sand hits something.
b - 137 stones Something completely misses you.
Unknown command.
Your shield and scale mail prevent you from hitting something.
You hear some strange, mumbled words.
A bolt of fire appears from out of thin air!
The bolt of fire hits you.
You hit something but do no damage.
You hear some strange, mumbled words.
An iron shot appears from out of thin air!
The iron shot hits you!!!
Ouch! That really hurt!
You die...

. . # . #
### . .x.
. #4# . #
#{# #
####@###
#......#
.
####.##.#
#.##.#
#..# #
####.##.#
. #.
..##.# .
######.#
#.#


You could see a chaos spawn and a small abomination.

Vanquished Creatures
  3 two-headed ogres (D:10)
  A sixfirhy (Abyss:2)
  A flayed ghost (Abyss:2)
  An unseen horror (D:10)
  Pikel (D:4)
  A deep elf mage (Abyss:2)
  A worldbinder (Abyss:2)
  An elephant (D:10)
  An ugly thing (D:8)
  A centaur zombie (D:8)
  A gargoyle (D:11)
  A smoke demon (Abyss:2)
  An ancient zyme (Abyss:2)
  A troll (D:10)
  A hornet (D:10)
  Prince Ribbit (D:5)
  A large abomination (Abyss:2)
  A hippogriff (D:7)
  A wraith (D:11)
  A ynoxinul (Abyss:2)
  5 yaks
  A hungry ghost (D:9)
  A chaos spawn (Abyss:2)
  Edmund (D:4)
  Menkaure (Ossuary)
  2 hell hounds (Abyss:2)
  3 orc warriors (D:8)
  A hornet zombie (D:9)
  An ice beast (D:9)
  A sky beast (D:5)
  2 necrophages
  A centaur (D:7)
  4 ogres
  Blork the orc (D:5)
  3 big kobolds
  2 wyvern zombies
  5 bullfrogs
  A gnoll sergeant (D:8)
  A scorpion (D:5)
  A water moccasin skeleton (D:3)
  3 killer bees (D:8)
  5 wights (D:10)
  6 electric eels (D:10)
  4 crimson imps
  2 jellies
  A quasit (Abyss:2)
  A bullfrog zombie (D:8)
  3 hounds
  3 small abominations (Abyss:2)
  A centaur skeleton (D:6)
  4 orc priests
  5 orc wizards
  3 iguanas
  5 worker ants
  3 mummies (Ossuary)
  A worker ant zombie (D:4)
  Robin (D:3)
  12 gnolls
  11 adders
  3 shadow imps
  A white imp (Abyss:2)
  An ooze (D:3)
  An adder zombie (D:7)
  An adder skeleton (D:6)
  3 worms
  3 dart slugs
  5 leopard geckos
  34 orcs
  4 bats
  6 giant cockroaches
  4 gnoll zombies (Ossuary)
  11 goblins
  13 hobgoblins
  16 jackals
  21 kobolds
  5 quokkas
  A ball python (D:3)
  7 frilled lizards
  2 gnoll skeletons (Ossuary)
  4 goblin skeletons (Ossuary)
  4 goblin zombies (Ossuary)
  4 hobgoblin skeletons (Ossuary)
  7 hobgoblin zombies (Ossuary)
  A jackal zombie (D:7)
  3 kobold skeletons (Ossuary)
  4 kobold zombies (Ossuary)
  6 orc skeletons (Ossuary)
  2 orc zombies (Ossuary)
  6 rats
  5 rat skeletons (Ossuary)
  4 rat zombies (Ossuary)
326 creatures vanquished.

Vanquished Creatures (others)
  2 slaves (D:4)
  An ogre (D:4)
  A bat (D:1)
  A goblin skeleton (Ossuary)
  3 starspawn tentacles (Abyss:2)
8 creatures vanquished.

Grand Total: 334 creatures vanquished

Notes
Turn   | Place    | Note
-------+----------+-------------------------------------------
     0 | D:1      | Morbidden the Gargoyle Earth Elementalist began the quest
                  | for the Orb.
     0 | D:1      | Reached XP level 1. HP: 10/10 MP: 3/3
   414 | D:1      | Reached XP level 2. HP: 15/15 MP: 3/5
   449 | D:1      | Reached skill level 4 in Earth Magic
   853 | D:1      | You fall through a shaft!
   909 | D:2      | Reached XP level 3. HP: 13/20 MP: 6/6
   922 | D:2      | Reached skill level 1 in Fighting
   939 | D:2      | Learned a level 3 spell: Stone Arrow
  1317 | D:2      | Reached XP level 4. HP: 14/25 MP: 5/7
  1351 | D:2      | Reached skill level 1 in Shields
  2117 | D:3      | Reached skill level 1 in Conjurations
  2117 | D:3      | Reached XP level 5. HP: 29/30 MP: 5/9
  2309 | D:3      | Reached skill level 5 in Earth Magic
  2698 | D:3      | Found a faded altar of an unknown god.
  2742 | D:3      | Reached XP level 6. HP: 13/35 MP: 7/10
  3168 | D:4      | Noticed Robin
  3173 | D:3      | Killed Robin
  3256 | D:4      | Noticed a slave
  3256 | D:4      | Noticed a slave
  3257 | D:4      | Noticed Pikel
  3267 | D:4      | Noticed a slave
  3289 | D:4      | Killed Pikel
  3289 | D:4      | Reached skill level 6 in Earth Magic
  3289 | D:4      | Reached XP level 7. HP: 7/41 MP: 1/12
  3594 | D:4      | Reached skill level 7 in Earth Magic
  3944 | D:4      | Noticed Edmund
  3956 | D:4      | Killed Edmund
  3956 | D:4      | Reached XP level 8. HP: 33/46 MP: 1/14
  4072 | D:4      | Found Wynubehube's General Store.
  4178 | D:5      | Entered Level 5 of the Dungeon
  4178 | D:5      | Found a basalt altar of Yredelemnul.
  4360 | D:5      | Noticed Blork the orc
  4393 | D:5      | Killed Blork the orc
  4429 | D:5      | Found Myghom's Antique Weapon Boutique.
  4436 | D:5      | Noticed Prince Ribbit
  4442 | D:5      | Killed Prince Ribbit
  4442 | D:5      | Reached skill level 1 in Armour
  4447 | D:5      | Bought a shimmering trident for 212 gold pieces
  4453 | D:5      | Identified the cursed +3 trident of Buovotecu {pierce, rC-
                  | Str+2 Stlth+} (You bought it in a shop on level 5 of the
                  | Dungeon)
  4467 | D:5      | Found a staircase to the Ecumenical Temple.
  4473 | Temple   | Entered the Ecumenical Temple
  4576 | Temple   | Became a worshipper of Warmaster Okawaru
  4668 | D:5      | Found a glowing golden altar of the Shining One.
  4678 | D:5      | Found a transporter.
  4711 | D:5      | Reached skill level 8 in Earth Magic
  4719 | D:5      | Found a transporter.
  4738 | D:5      | Found a hide-covered altar of Uskayaw.
  5200 | D:5      | Found a runed translucent door.
  5201 | D:5      | Noticed Crazy Yiuf
  5794 | D:6      | Found an opulent altar of Gozag.
  5919 | D:6      | Reached skill level 1 in Invocations
  6143 | D:7      | Noticed a hippogriff
  6144 | D:7      | Found Duiresir's Jewellery Boutique.
  6151 | D:7      | Killed a hippogriff
  6151 | D:7      | Reached * piety under Okawaru
  6151 | D:7      | Reached XP level 9. HP: 41/52 MP: 8/16
  6310 | D:7      | Found a sand-covered staircase.
  6318 | Ossuary  | Entered an ossuary
  6556 | Ossuary  | Noticed Menkaure
  6561 | Ossuary  | Killed Menkaure
  6561 | Ossuary  | Reached skill level 1 in Long Blades
  6662 | D:7      | Found a shadowy altar of Dithmenos.
  7419 | D:7      | Reached skill level 5 in Conjurations
  7831 | D:8      | Found a stormy altar of Qazlal.
  7832 | D:8      | Noticed a red ugly thing
  7881 | D:8      | Reached skill level 9 in Earth Magic
  7895 | D:8      | Reached skill level 5 in Spellcasting
  7936 | D:8      | Reached skill level 5 in Fighting
  7949 | D:8      | Reached ** piety under Okawaru
  7955 | D:8      | Reached XP level 10. HP: 15/59 MP: 6/17
  8224 | D:8      | Killed a red ugly thing
  8746 | D:8      | Reached *** piety under Okawaru
  9415 | D:9      | Found a snail-covered altar of Cheibriados.
  9447 | D:9      | Found a shattered altar of Ashenzari.
 10081 | D:10     | Entered Level 10 of the Dungeon
 10128 | D:10     | Reached **** piety under Okawaru
 10128 | D:10     | Reached skill level 10 in Earth Magic
 10198 | D:10     | Noticed a two-headed ogre
 10225 | D:10     | Killed a two-headed ogre
 10431 | D:10     | Killed an unseen horror
 10431 | D:10     | Reached skill level 5 in Shields
 10431 | D:10     | Reached XP level 11. HP: 53/64 MP: 19/19
 10473 | D:10     | Noticed a two-headed ogre
 10766 | D:10     | Noticed a two-headed ogre
 10786 | D:10     | Reached skill level 1 in Evocations
 10787 | D:10     | Killed a two-headed ogre
 10787 | D:10     | Reached skill level 5 in Invocations
 10972 | D:10     | Killed a two-headed ogre
 10972 | D:10     | Reached ***** piety under Okawaru
 11087 | D:10     | Noticed a manticore
 11279 | D:11     | Received a gift from Okawaru
 11291 | D:11     | Noticed Erolcha
 11305 | D:11     | Cast into level 1 of the Abyss (Erolcha)
 11334 | Abyss:1  | Noticed a balrug
 11397 | Abyss:2  | Noticed a tentacled starspawn
 11416 | Abyss:2  | Reached skill level 5 in Long Blades
 11580 | Abyss:2  | Noticed a sixfirhy
 11590 | Abyss:2  | Killed a sixfirhy
 11602 | Abyss:2  | Noticed a tentacled starspawn
 11609 | Abyss:2  | Noticed a thrashing horror
 11610 | Abyss:2  | Noticed a thrashing horror
 11621 | Abyss:2  | Noticed a starcursed mass
 11622 | Abyss:2  | Noticed a large abomination
 11688 | Abyss:2  | Noticed a sixfirhy
 11833 | Abyss:2  | Noticed a starcursed mass
 11855 | Abyss:2  | Found a corrupted altar of Lugonu.
 11878 | Abyss:2  | Noticed a flayed ghost
 11887 | Abyss:2  | Killed a flayed ghost
 11887 | Abyss:2  | Reached skill level 11 in Earth Magic
 11894 | Abyss:2  | Noticed a deep elf mage
 11907 | Abyss:2  | Killed a deep elf mage
 11918 | Abyss:2  | Noticed a worldbinder
 11949 | Abyss:2  | Killed a worldbinder
 11949 | Abyss:2  | Reached XP level 12. HP: 42/72 MP: 14/21
 12114 | Abyss:2  | Noticed a lich
 12130 | Abyss:2  | Killed from afar by a lich

Skill      XL: |  1  2  3  4  5  6  7  8  9 10 11 12 |
---------------+-------------------------------------+-----
Earth Magic    | 4 5 6 7 8 9 10 11 | 11.1
Fighting       | 1 2 3 4 5 6 7 |  7.2
Dodging        | 2 3 |  3.8
Shields        | 1 2 3 4 5 6 |  6.4
Conjurations   | 1 2 4 5 6 7 |  7.9
Spellcasting   | 3 4 5 6 |  6.4
Armour         | 2 3 4 |  4.5
Invocations    | 1 3 4 5 6 |  6.0
Long Blades    | 2 4 5 |  5.2
Evocations     | 1 |  1.4
Stealth        | |  2.3
Transmutations | |  0.7

Action                   |  1- 3 |  4- 6 |  7- 9 | 10-12 || total
-------------------------+-------+-------+-------+-------++-------
Melee: Unarmed           |   120 |       |       |       ||   120
       Spear             |    35 |   184 |    96 |       ||   315
       Scimitar          |       |       |   202 |   230 ||   432
 Cast: Sandblast         |    31 |    50 |    51 |   109 ||   241
       Stone Arrow       |       |       |    26 |    40 ||    66
Invok: Heroism           |       |       |       |     7 ||     7
       Finesse           |       |       |       |     1 ||     1
Evoke: Wand              |       |     2 |     2 |    21 ||    25
       Phantom mirror    |       |       |       |     1 ||     1
  Use: Scroll            |     2 |       |    14 |    15 ||    31
       Potion            |       |       |       |    21 ||    21
 Stab: Sleeping          |     1 |     1 |       |       ||     2
       Invisible         |       |       |       |     1 ||     1
  Eat: Chunk             |     2 |     7 |    11 |     5 ||    25
       Ration            |       |       |     2 |     3 ||     5
Armor: Robe              |    51 |    61 |     2 |       ||   114
       Leather armour    |       |       |     7 |       ||     7
       Scale mail        |       |       |   185 |   255 ||   440
Dodge: Dodged            |    88 |   109 |   163 |   144 ||   504
Block: Buckler           |    21 |    31 |    75 |     8 ||   135
       Shield            |       |       |       |   176 ||   176
       Rpst.: Scimitar   |       |       |    34 |    36 ||    70
